 Dungeon Crawl Stone Soup version 0.29.0-10-g45618ea6d2 (webtiles) character file.

Game seed: 12116244324971363024

779 SensoryNuts the Slasher (level 7, 0/54 HPs)
             Began as a Demonspawn Fighter on Sept 1, 2022.
             Splashed by a jelly's acid (8 damage)
             ... on level 5 of the Dungeon.
             The game lasted 00:04:44 (5024 turns).

SensoryNuts the Slasher (Demonspawn Fighter)        Turns: 5024, Time: 00:04:45

Health: 0/54       AC: 11    Str: 17    XL:     7   Next: 54%
Magic:  7/7        EV:  9    Int:  9    God:
Gold:   280        SH:  9    Dex: 14    Spells: 6/6 levels left

rFire   . . .      SeeInvis .   a - +0 long sword
rCold   . . .      Faith    .   c - +0 buckler
rNeg    . . .      Spirit   .   b - +0 scale mail
rPois   .          Reflect  .   n - +1 hat
rElec   .          Harm     .   (no cloak)
rCorr   .          Rampage  .   (no gloves)
Will    .....                   l - +0 pair of boots
Stlth   ..........              (no amulet)
HPRegen 0.18/turn               (no ring)
MPRegen 0.10/turn               (no ring)

@: corroded, sanguine armoured
A: claws 2, sanguine armour 1, condensation shield
a: no special abilities


You were on level 5 of the Dungeon.
You visited 1 branch of the dungeon, and saw 5 of its levels.

You collected 410 gold pieces.
You spent 130 gold pieces at shops.

Inventory:

Hand Weapons
 a - a +0 long sword (weapon)
Armour
 b - a +0 scale mail (worn)
 c - a +0 buckler (worn)
 l - a +0 pair of boots (worn)
 n - a +1 hat (worn)
Jewellery
 d - a ring of magical power
Wands
 f - a wand of paralysis (13)
 q - a wand of flame (18) (quivered)
Scrolls
 h - 2 scrolls of enchant armour
 m - a scroll of fog {unknown}
 p - 4 scrolls of identify {unknown}
 r - a scroll of fear {unknown}
 u - a scroll of poison {unknown}
 v - a scroll of magic mapping {unknown}
Potions
 e - 4 potions of curing
 g - a potion of magic {unknown}
 i - 2 potions of heal wounds {unknown}
 j - 2 potions of lignification {unknown}
 k - a potion of degeneration {unknown}
 o - 2 potions of invisibility {unknown}
 s - 2 potions of brilliance {unknown}
 t - 2 potions of haste {unknown}


   Skills:
 + Level 4.1 Fighting
 * Level 5.7 Long Blades
 + Level 4.1 Armour
 + Level 2.0 Dodging
 + Level 3.7 Shields
 + Level 0.2 Evocations


You had 6 spell levels left.
You didn't know any spells.
Your spell library contained the following spells:

 Spells                   Type           Power      Damage    Failure   Level
 Magic Dart               Conj           0%         1d3       86%         1
 Sandblast                Erth           0%         2d4       86%         1
 Call Imp                 Summ           0%         N/A       95%         2
 Passwall                 Tmut/Erth      0%         N/A       95%         2
 Mephitic Cloud           Conj/Pois/Air  0%         N/A       99%         3
 Spider Form              Tmut/Pois      0%         N/A       99%         3
 Stone Arrow              Conj/Erth      0%         3d7       99%         3
 Monstrous Menagerie      Summ           0%         N/A       100%        7
 Summon Horrible Things   Summ           0%         N/A       100%        8


Dungeon Overview and Level Annotations

Branches:
Dungeon (5/15)
 Temple: D:4-7

Altars:
Okawaru
Trog

Shops:
D:3 !


Innate Abilities, Weirdness & Mutations

You have very sharp fingernails.
When seriously injured, your blood forms armour. (AC +6)
A meltable shield of frost defends you. (SH +4)


Message History

Your blood armour dries and flakes away.
A jelly is nearby!
A jelly is nearby!
A jelly is nearby!
A jelly is nearby!
The jelly quivers.
You hit the jelly but do no damage.
Your claws burn!
Your blood congeals into armour.
The jelly closely misses you.
You hit the jelly. The acid corrodes you!
Your claws burn!
The jelly is moderately wounded.
The jelly closely misses you.
You slash the jelly!
Your claws burn!
The jelly is heavily wounded.
The jelly hits you.
You are splashed with acid!
You are too injured to fight recklessly!
You are too injured to fight recklessly!
You are too injured to fight recklessly!
You are too injured to fight recklessly!
You are too injured to fight recklessly!
You are too injured to fight recklessly!
A jelly is nearby!
A jelly is nearby!
You are too injured to fight recklessly!
You hit the jelly.
Your claws burn!
The jelly is severely wounded.
The jelly hits you but does no damage. The jelly closely misses you.
You hit the jelly.
Your claws burn!
The jelly is almost dead.
You block the jelly's attack.
You hit the jelly but do no damage.
Your claws burn!
* * * LOW HITPOINT WARNING * * *
The jelly is almost dead.
The jelly hits you but does no damage.
You hit the jelly but do no damage. The acid corrodes you!
Your claws burn!
* * * LOW HITPOINT WARNING * * *
The jelly is almost dead.
The jelly hits you.
* * * LOW HITPOINT WARNING * * *
The acid corrodes you!
You are splashed with acid!
You die...

..........#...#
.........##...##.....#
.........#######.....#
.........#.....#.....
...##....#....##....#
...########...##....##
...##....##..........#
...#............J....#
...#.....##...##@....#
...#.....##...##.....#
.####.#####.$........#
#####....##....†.....#
.....................#
..............##....##
..............#######
...............
.........##...#


You could see a jelly.

Vanquished Creatures
  Menkaure (D:5)
  An ogre (D:3)
  A necrophage (D:5)
  A scorpion (D:5)
  A hound (D:5)
  2 orc priests (D:5)
  3 iguanas
  2 orc wizards
  14 adders
  11 orcs
  6 endoplasms
  7 giant cockroaches
  12 goblins
  10 hobgoblins
  4 jackals (D:1)
  4 kobolds
  7 quokkas
  5 ball pythons
  5 bats
  6 rats
103 creatures vanquished.

Vanquished Creatures (others)
  A plant (D:4)
1 creature vanquished.

Grand Total: 104 creatures vanquished

Notes
Turn   | Place    | Note
-------+----------+-------------------------------------------
     0 | D:1      | SensoryNuts the Demonspawn Fighter began the quest for the
                  | Orb.
     0 | D:1      | Reached XP level 1. HP: 18/18 MP: 1/1
   106 | D:1      | Gained mutation: When seriously injured, your blood forms
                  | armour. (AC +6) [demonic ancestry]
   106 | D:1      | Reached XP level 2. HP: 20/24 MP: 2/2
   107 | D:1      | Reached skill level 2 in Long Blades
   830 | D:1      | Gained mutation: A meltable shield of frost defends you.
                  | (SH +4) [demonic ancestry]
   830 | D:1      | Reached XP level 3. HP: 28/29 MP: 3/3
  1361 | D:2      | Reached skill level 3 in Long Blades
  1361 | D:2      | Reached XP level 4. HP: 30/35 MP: 4/4
  1556 | D:2      | Found a faded altar of an unknown god.
  2054 | D:3      | Got the Anthology of Shapes and Calling
  2249 | D:3      | Gained mutation: You have sharp fingernails. [demonic
                  | ancestry]
  2249 | D:3      | Reached XP level 5. HP: 10/41 MP: 5/5
  2519 | D:3      | Reached skill level 1 in Dodging
  2663 | D:3      | Found Ysosig's Distillery.
  2669 | D:3      | Bought a potion of curing for 39 gold pieces
  2669 | D:3      | Bought a potion of might for 52 gold pieces
  2669 | D:3      | Bought a potion of curing for 39 gold pieces
  2694 | D:3      | Noticed an ogre
  2700 | D:3      | Killed an ogre
  2701 | D:3      | Reached skill level 4 in Long Blades
  3227 | D:4      | Reached XP level 6. HP: 47/47 MP: 6/6
  3272 | D:4      | Found a bloodstained altar of Trog.
  3576 | D:4      | Identified the +7 flail "Dodghin" {freeze, rElec rPois
                  | Str-3}
  3736 | D:4      | Found an iron altar of Okawaru.
  4207 | D:5      | Entered Level 5 of the Dungeon
  4387 | D:5      | Reached skill level 5 in Long Blades
  4394 | D:5      | Gained mutation: You have very sharp fingernails. [demonic
                  | ancestry]
  4394 | D:5      | Reached XP level 7. HP: 37/54 MP: 7/7
  4941 | D:5      | Noticed Menkaure
  4951 | D:5      | Killed Menkaure
  5024 | D:5      | Splashed by a jelly's acid

Illustrated notes

Levels and vault maps discovered:
D:1:      saegor_arrival_simple_d, layout_basic, wad_floor_pattern_untrapped,
          grunt_decor_one_mirror
D:2:      layout_loops_ring, hellmonk_ecumenical_altar_inner_sanctum
D:3:      layout_rooms, serial_shops, shop, lemuel_another_geyser
D:4:      cheibrodos_old_hovel, layout_cave_pods,
          mainiacjoe_overflow_tiny_flanked, kennysheep_okawaru_gauntlet,
          serial_column_ruins, column_ruins_hut, column_ruins_hut,
          column_ruins_corridor_dead_end, column_ruins_corridor_straight,
          column_ruins_grid_2, amcnicky_mini_rare_corridor_liquid
D:5:      layout_gridville, uniq_menkaure

Skill      XL: |  1  2  3  4  5  6  7 |
---------------+----------------------+-----
Long Blades    | 2 3 4 5 |  5.7
Armour         | 3 4 |  4.1
Shields        | 3 |  3.7
Dodging        | 1 2 |  2.0
Fighting       | 4 |  4.1
Evocations     | |  0.2

Action                   |  1- 3 |  4- 6 |  7- 9 || total
-------------------------+-------+-------+-------++-------
Melee: Long sword        |   117 |   219 |    75 ||   411
Evoke: Wand              |       |     4 |       ||     4
  Use: Scroll            |       |     4 |       ||     4
       Potion            |       |     3 |       ||     3
Armor: Scale mail        |    56 |   157 |    31 ||   244
Dodge: Dodged            |    43 |   121 |    28 ||   192
Block: Buckler           |    43 |   151 |    22 ||   216
